Allied Pyrrhic Victory

Match 17550375
End
Construct Weapon Support Center
Engineer Squad
Selects Armored Battlegroup
Selects Assault Engineers
M1919 Machine Gun Team
Bazooka Squad
Assault Engineer Squad
Mechanized Support Center
Selects Strength in Steel
Assault Engineer Squad
Construct Motor Pool
M8 Greyhound Armored Car
M24 Chaffee Light Tank
Selects Field Repairs
Improvised Armor
Specialized Munitions
M8 Greyhound Armored Car
Selects War Machine
M24 Chaffee Light Tank
.30 cal Machine Gun
.30 cal Machine Gun
Mortar Pit
Construct Tank Depot
M1919 Machine Gun Team
.30 cal Machine Gun
Selects Seek and Destroy
M4A1 Sherman Medium Tank
.30 cal Machine Gun
M4A1 76mm Conversion
.30 cal Machine Gun
M4A1(76) Sherman Medium Tank
.30 cal Machine Gun
Selects M4A3E8 Sherman Combat Group
M4A1(76) Sherman Medium Tank
Assault Engineer Squad
.30 cal Machine Gun
Assault Engineer Squad
M4A1(76) Sherman Medium Tank
Assault Engineer Squad
Mortar Pit
Mortar Pit
M4A1(76) Sherman Medium Tank
Mortar Pit
Assault Engineer Squad
M1919 Machine Gun Team
M4A1(76) Sherman Medium Tank
Mortar Pit
Mortar Pit
M4A1(76) Sherman Medium Tank
Mortar Pit
Mortar Pit
M4A1(76) Sherman Medium Tank
Bazooka Squad
Assault Engineer Squad
Field Repairs
M4A1(76) Sherman Medium Tank
Poncho Villa
SpiralShiroe
Tok3n x Operator
MonoChrome
J.
Fer-MEGASIM (Bity)
Nuclear Viking
Hadeda
0
0

Comments sign in to comment!

No comments posted yet!